 Dungeon Crawl Stone Soup version 0.23.2-30-g0e89c35649 (webtiles) character file.

Game seed: 5392257064940676930

16785 Kobolds4U the Carver (level 12, -2/62 HPs)
             Began as a Deep Elf Conjurer on June 17, 2019.
             Was a High Priest of Dithmenos.
             Slain by a demonic crawler (6 damage)
             ... on level 11 of the Dungeon.
             The game lasted 01:11:32 (20501 turns).

Kobolds4U the Carver (Deep Elf Conjurer)           Turns: 20501, Time: 01:11:33

Health: -2/62      AC:  6    Str: 10    XL:     12   Next: 13%
Magic:  0/33       EV: 20    Int: 24    God:    Dithmenos [*****.]
Gold:   336        SH:  5    Dex: 16    Spells: 3/25 levels left

rFire    + . .     SeeInvis .   a - +4 falchion (elec)
rCold    + + .     Gourm    .   Q - +0 buckler {rC+}
rNeg     . . .     Faith    .   y - +0 robe {rC+ rF+}
rPois    .         Spirit   +   (no helmet)
rElec    .         Reflect  .   f - +0 cloak
rCorr    .         Harm     .   (no gloves)
MR       +....                  S - +2 pair of boots
Stlth    ++++++....             l - amulet of guardian spirit
HPRegen  0.20/turn              R - ring of magical power
MPRegen  0.23/turn              V - +4 ring of strength

@: very slightly contaminated, wreathed by umbra
A: no striking features
a: Shadow Step, Shadow Form, Renounce Religion


You were on level 11 of the Dungeon.
You worshipped Dithmenos.
Dithmenos was extremely pleased with you.
You were near starving.

You visited 2 branches of the dungeon, and saw 13 of its levels.

You collected 785 gold pieces.
You spent 449 gold pieces at shops.

Inventory:

Hand Weapons
 a - a +4 falchion of electrocution (weapon)
 K - a +1 rapier of electrocution
 L - a +0 shortbow
Missiles
 O - 76 arrows
Armour
 f - a +0 cloak (worn)
 s - a +3 leather armour of fire resistance
 y - a +0 robe of resistance (worn)
 z - a +0 robe
 H - a +0 robe of magic resistance
 Q - a +0 buckler of cold resistance (worn)
 S - a +2 pair of boots (worn)
Magical Staves
 b - an uncursed staff of conjuration
Jewellery
 g - an uncursed amulet of rage
 l - an amulet of guardian spirit (around neck)
 q - an uncursed amulet of magic regeneration
 G - an uncursed ring of resist corrosion
 J - an uncursed ring of positive energy
 R - a ring of magical power (left hand)
 V - a +4 ring of strength (right hand)
 X - an uncursed ring of fire
Wands
 d - a wand of acid (2)
 v - a wand of iceblast (4)
 B - a wand of disintegration (27)
 P - a wand of flame (27)
 Z - a wand of digging (7)
Scrolls
 e - 2 scrolls of immolation {unknown}
 i - 2 scrolls of amnesia {unknown}
 k - 3 scrolls of teleportation
 n - 3 scrolls of magic mapping {unknown}
 o - 5 scrolls of remove curse
 r - 3 scrolls of blinking {unknown}
 u - a scroll of acquirement {unknown}
 C - a scroll of summoning {unknown}
 E - a scroll of identify
 F - a scroll of vulnerability {unknown}
 M - a scroll of fog {unknown}
 T - a scroll of brand weapon {unknown}
Potions
 h - 2 potions of magic
 j - 6 potions of heal wounds
 m - a potion of mutation
 p - 2 potions of might
 t - a potion of resistance
 w - 4 potions of brilliance
 A - 4 potions of flight
 D - 3 potions of ambrosia
 I - 2 potions of lignification
 N - 2 potions of haste
 U - 4 potions of curing
Miscellaneous
 x - a lamp of fire
Comestibles
 c - 40 rations


   Skills:
 - Level 2.1 Fighting
 * Level 11.8 Long Blades
 - Level 11.0 Dodging
 - Level 8.2 Stealth
 - Level 4.0 Shields
 - Level 7.0 Spellcasting
 - Level 8.0 Conjurations
 - Level 2.1 Hexes
 - Level 3.1 Translocations
 + Level 2.1 Invocations


You had 3 spell levels left.
You knew the following spells:

 Your Spells              Type           Power        Failure   Level  Hunger
a - Magic Dart            Conj           ####         1%          1    None
b - Searing Ray           Conj           #####.       1%          2    None
c - Dazzling Spray        Conj/Hex       ####..       2%          3    None
d - Blink                 Tloc           N/A          3%          2    None
e - Force Lance           Conj/Tloc      #####...     8%          4    ###....
f - Slow                  Hex            ###.....     4%          2    None
g - Conjure Flame         Conj/Fire      ####....     4%          3    None
h - Mephitic Cloud        Conj/Pois/Air  ###.....     7%          3    None
i - Call Imp              Summ           #.......     11%         2    None

Your spell library contained the following spells:

 Spells                   Type           Power        Failure   Level  Hunger
 Sting                    Conj/Pois      ####         1%          1    None
 Iskenderun's Mystic Bla  Conj           #####...     2%          4    ###....
 Fulminant Prism          Conj/Hex       ####......   9%          4    ###....


Dungeon Overview and Level Annotations

Branches:
Dungeon (12/15)            Temple (1/1) D:4            Lair (0/6) D:10
    Orc: D:9-12

Altars:
Ashenzari
Cheibriados
Dithmenos
Elyvilon
Fedhas
Hepliaklqana
Kikubaaqudgha
Nemelex Xobeh
Okawaru
Qazlal
Ru
Sif Muna
Trog
Uskayaw
Vehumet
Wu Jian
Xom
Yredelemnul
Zin
The Shining One

Shops:
D:7 [   D:8 *   D:10 :   D:11 ([}

Annotations:
D:4 2 transporters, Ananasrisotto's ghost, novice OpEn
D:6 Dowan
D:8 Harold
D:11 3 runed translucent doors, taheo's ghost, journeyman GrFi


Message History

* * * LOW HITPOINT WARNING * * *
You climb upwards.
Level annotation: 3 runed translucent doors, taheo's ghost, journeyman GrFi
There is a stone staircase leading down here.
The demonic crawler barely misses you.
You riposte.
You hit the demonic crawler.
The demonic crawler is lightly wounded.
The demonic crawler misses you. The demonic crawler hits you.
* * * LOW HITPOINT WARNING * * *
There is an open door here.
Casting: Conjure Flame (safe; 4% risk of failure)
Confirm with . or Enter, or press ? or * to list all spells.
You miscast Blink.
You are very lightly contaminated with residual magic.
You catch a glimpse of the back of your own head.
The demonic crawler hits you but does no damage.
The demonic crawler hits you!
* * * LOW HITPOINT WARNING * * *
The demonic crawler barely misses you. The demonic crawler hits you!
You die...

##......#...######...#...########
........#.......#....#...#......#
......[.#.......#....#...#......#
........#.......#....#...'......#
........#.......#....#...#......#
........#.<.....#....##[##......#
........##############.[.#......#
.########...#...#..>.#.[.#......#
.#..........'...@s...'...#......#
.#..........#...#....#...#......#
.#......##############...#......#
.#......#.......#....'...###'####
.#......#.......'....#####.......
##########......#....'...........
#.....'..#'###########...........
#.....#.)#..#........#...########
##'''###'#..#........#####......#


You could see a demonic crawler.

Vanquished Creatures
  A hydra (D:11)
  2 two-headed ogres (D:11)
  2 unseen horrors
  3 ugly things
  Pikel (D:6)
  A manticore (D:11)
  A gargoyle (D:12)
  Joseph (D:10)
  5 trolls
  A queen bee (D:11)
  2 dream sheep (D:11)
  3 hippogriffs
  12 yaks
  Eustachio (D:5)
  A hungry ghost (D:10)
  2 vampire mosquitoes (D:12)
  Menkaure (D:5)
  Edmund (D:5)
  An acid dragon (D:12)
  Duvessa (D:6)
  2 porcupines (D:10)
  2 black bears
  5 sky beasts
  3 ice beasts
  A phantom (D:5)
  7 ogres
  An eye of draining (D:12)
  2 orc warriors
  A slave (D:6)
  4 crocodiles
  A centaur (D:8)
  4 big kobolds
  5 bullfrogs
  5 scorpions
  19 killer bees (D:11)
  4 wights (D:7)
  2 howler monkeys (D:7)
  6 crimson imps
  3 centaur zombies
  2 quasits
  13 orc wizards
  6 orc priests
  5 centaur skeletons
  A hound (D:8)
  4 jellies
  2 iguanas
  11 worker ants
  2 hound zombies
  3 worker ant zombies
  5 gnolls
  9 adders
  5 shadow imps
  An ooze (D:4)
  3 adder skeletons
  2 worms
  2 dart slugs
  6 leopard geckos
  47 orcs
  5 bats
  8 giant cockroaches
  9 goblins
  A hobgoblin (shapeshifter) (D:11)
  6 hobgoblins
  4 jackals
  8 kobolds
  4 quokkas
  A frilled lizard (shapeshifter) (D:11)
  2 frilled lizards
  A quokka skeleton (D:4)
  A quokka zombie (D:9)
  2 rats
301 creatures vanquished.

Vanquished Creatures (others)
  2 slaves (D:6)
  A hound zombie (D:6)
  2 orcs (D:6)
  A rat (D:3)
  A bush (D:10)
  14 plants
21 creatures vanquished.

Grand Total: 322 creatures vanquished

Notes
Turn   | Place    | Note
-------+----------+-------------------------------------------
     0 | D:1      | Kobolds4U the Deep Elf Conjurer began the quest for the
                  | Orb.
     0 | D:1      | Reached XP level 1. HP: 10/10 MP: 6/6
   155 | D:1      | Reached XP level 2. HP: 15/15 MP: 0/8
   306 | D:1      | Reached skill level 5 in Conjurations
   531 | D:1      | Reached XP level 3. HP: 19/19 MP: 7/10
   904 | D:1      | Learned a level 2 spell: Searing Ray
   908 | D:1      | Learned a level 3 spell: Dazzling Spray
  1373 | D:2      | Reached XP level 4. HP: 24/24 MP: 4/12
  1388 | D:2      | Learned a level 4 spell: Force Lance
  2531 | D:3      | Learned a level 2 spell: Blink
  2643 | D:3      | Found a white marble altar of Elyvilon.
  2819 | D:3      | Reached skill level 1 in Translocations
  2819 | D:3      | Reached XP level 5. HP: 28/28 MP: 8/14
  3197 | D:4      | Reached skill level 5 in Spellcasting
  3648 | D:4      | Noticed Ananasrisotto's ghost (novice OpEn)
  3649 | D:4      | Found a transporter.
  3651 | D:4      | Noticed an ogre
  3851 | D:4      | Reached XP level 6. HP: 32/32 MP: 12/16
  4368 | D:4      | Found a transporter.
  4398 | D:4      | Found a staircase to the Ecumenical Temple.
  4533 | Temple   | Entered the Ecumenical Temple
  4574 | Temple   | Became a worshipper of Dithmenos the Shadowed
  4685 | D:5      | Entered Level 5 of the Dungeon
  4720 | D:5      | Noticed a sky beast
  4738 | D:5      | Killed a sky beast
  4738 | D:5      | Reached skill level 5 in Stealth
  4829 | D:5      | Reached XP level 7. HP: 36/36 MP: 18/18
  4850 | D:5      | Noticed Eustachio
  5012 | D:5      | Reached skill level 1 in Hexes
  5177 | D:5      | Noticed Menkaure
  5204 | D:5      | Found a deep blue altar of Sif Muna.
  5229 | D:5      | Identified Sif Muna's Grimoire of Intoxication
  5294 | D:5      | Learned a level 2 spell: Slow
  5298 | D:5      | Learned a level 3 spell: Conjure Flame
  5497 | D:5      | Killed Eustachio
  6057 | D:5      | Noticed Edmund
  6107 | D:5      | Killed Edmund
  6107 | D:5      | Reached skill level 1 in Long Blades
  6107 | D:5      | Reached XP level 8. HP: 41/41 MP: 6/19
  6614 | D:6      | Found a white marble altar of Elyvilon.
  7196 | D:6      | Reached * piety under Dithmenos
  7232 | D:6      | Noticed Pikel
  7247 | D:6      | Killed Pikel
  7591 | D:6      | Noticed Dowan
  7596 | D:6      | Noticed Duvessa
  7723 | D:6      | Killed Duvessa
  7823 | D:7      | Noticed a hippogriff
  8090 | D:6      | Killed a hippogriff
  8090 | D:6      | Reached skill level 5 in Long Blades
  8090 | D:6      | Reached XP level 9. HP: 36/45 MP: 16/21
  8667 | D:6      | Found a basalt altar of Yredelemnul.
  8920 | D:5      | Reached skill level 1 in Shields
  9344 | D:5      | Killed Menkaure
  9573 | D:7      | Found Rexup's Armour Emporium.
  9581 | D:7      | Bought a +0 pair of boots for 67 gold pieces
  9586 | D:7      | Bought a +0 buckler of cold resistance for 172 gold pieces
  9753 | D:7      | Reached ** piety under Dithmenos
  9758 | D:7      | Learned a level 3 spell: Mephitic Cloud
 10633 | D:8      | Learned a level 2 spell: Call Imp
 10649 | D:8      | Found Ridapoby's General Store.
 10655 | D:8      | Bought a potion of curing for 42 gold pieces
 10655 | D:8      | Bought a scroll of remove curse for 42 gold pieces
 10655 | D:8      | Bought a ration for 70 gold pieces
 10655 | D:8      | Bought a potion of brilliance for 56 gold pieces
 10666 | D:8      | Found an ornate altar of the Wu Jian Council.
 10693 | D:8      | Noticed Harold
 11824 | D:8      | Reached XP level 10. HP: 47/50 MP: 22/22
 12204 | D:9      | Reached *** piety under Dithmenos
 12372 | D:9      | Reached skill level 1 in Fighting
 12938 | D:9      | Found an ornate altar of the Wu Jian Council.
 12941 | D:9      | Found a sparkling altar of Nemelex Xobeh.
 12943 | D:9      | Found a shattered altar of Ashenzari.
 13186 | D:10     | Entered Level 10 of the Dungeon
 13626 | D:10     | Found a staircase to the Lair.
 13773 | D:10     | Noticed Joseph
 13942 | D:10     | Reached skill level 10 in Long Blades
 14190 | D:10     | Killed Joseph
 14669 | D:10     | Found Cottipti's Book Shop.
 15112 | D:11     | Noticed a two-headed ogre
 15398 | D:11     | Killed a two-headed ogre
 15398 | D:11     | Reached skill level 5 in Dodging
 15398 | D:11     | Reached XP level 11. HP: 16/57 MP: 4/23
 15694 | D:11     | Noticed a two-headed ogre
 15734 | D:11     | Killed a two-headed ogre
 16134 | D:11     | Found Nuempedgh's Gadget Shoppe.
 16684 | D:11     | Noticed a three-headed hydra
 16716 | D:11     | Noticed a green ugly thing
 16731 | D:11     | Killed a green ugly thing
 16876 | D:11     | Reached **** piety under Dithmenos
 17190 | D:11     | Found a shimmering altar of Xom.
 17190 | D:11     | Found a shimmering altar of Xom.
 17190 | D:11     | Found a shimmering altar of Xom.
 17190 | D:11     | Found a shimmering altar of Xom.
 17190 | D:11     | Found a shimmering altar of Xom.
 17190 | D:11     | Found a shimmering altar of Xom.
 17546 | D:12     | Killed an unseen horror
 18018 | D:12     | Reached skill level 10 in Dodging
 18168 | D:12     | Noticed a purple ugly thing
 18345 | D:11     | Killed a four-headed hydra
 18566 | D:11     | Killed an unseen horror
 18813 | D:11     | Found Pitaon's Weapon Shop.
 18852 | D:11     | Found a runed translucent gate.
 18852 | D:11     | Found a runed translucent gate.
 18852 | D:11     | Found a runed translucent gate.
 18853 | D:11     | Noticed taheo's ghost (journeyman GrFi)
 18853 | D:11     | Noticed a 12-headed hydra
 18854 | D:11     | Noticed an 11-headed hydra
 18955 | D:11     | You fall through a shaft!
 19439 | D:11     | Found Ytuil's Armour Boutique.
 19482 | D:11     | Reached XP level 12. HP: 62/62 MP: 24/24
 19652 | D:12     | Reached ***** piety under Dithmenos
 19652 | D:12     | Reached skill level 1 in Invocations
 20501 | D:11     | Slain by a demonic crawler

Skill      XL: |  1  2  3  4  5  6  7  8  9 10 11 12 |
---------------+-------------------------------------+-----
Conjurations   | 5 6 7 8 |  8.0
Spellcasting   | 4 5 6 7 |  7.0
Translocations | 1 3 |  3.1
Stealth        | 5 6 7 8 |  8.2
Hexes          | 2 |  2.1
Long Blades    | 1 5 7 10 11 | 11.8
Shields        | 4 |  4.0
Fighting       | 2 |  2.1
Dodging        | 5 10 11 | 11.0
Invocations    | 2 |  2.1

Action                   |  1- 3 |  4- 6 |  7- 9 | 10-12 || total
-------------------------+-------+-------+-------+-------++-------
Melee: Dagger            |     3 |    12 |     9 |       ||    24
       Falchion          |       |       |    23 |   199 ||   222
       Rapier            |       |       |    46 |    37 ||    83
       Staff             |       |       |       |    19 ||    19
Throw: Tomahawk          |       |       |       |     1 ||     1
 Cast: Magic Dart        |    50 |   124 |   185 |   120 ||   479
       Dazzling Spray    |       |     4 |    26 |    41 ||    71
       Searing Ray       |       |     8 |    48 |    53 ||   109
       Blink             |       |     2 |     7 |    19 ||    28
       Conjure Flame     |       |       |    13 |    34 ||    47
       Slow              |       |       |     1 |     4 ||     5
       Mephitic Cloud    |       |       |       |     2 ||     2
       Force Lance       |       |       |       |     2 ||     2
       Call Imp          |       |       |       |     1 ||     1
  Use: Scroll            |       |       |     5 |    18 ||    23
       Potion            |       |       |       |     4 ||     4
 Stab: Sleeping          |       |     1 |     8 |    18 ||    27
       Invisible         |       |       |     2 |     7 ||     9
       Distracted        |       |       |       |     1 ||     1
       Confused          |       |       |       |     1 ||     1
  Eat: Chunk             |     1 |    10 |    22 |    15 ||    48
       Ration            |       |       |       |     3 ||     3
Armor: Robe              |     3 |     4 |    23 |    50 ||    80
Dodge: Dodged            |     8 |    22 |    87 |   308 ||   425
Block: Buckler           |       |       |    14 |    86 ||   100
       Rpst.: Falchion   |       |       |     7 |    49 ||    56
